 Dungeon Crawl Stone Soup version 0.28.0 (webtiles) character file.

Game seed: 18000993037046570627

210 Lathuz the Chopper (level 5, -2/72 HPs)
             Began as a Minotaur Berserker on Feb 9, 2022.
             Was a Believer of Trog.
             Slain by a gnoll (6 damage)
             ... on level 3 of the Dungeon.
             The game lasted 00:04:25 (2666 turns).

Lathuz the Chopper (Minotaur Berserker)             Turns: 2666, Time: 00:04:26

Health: -2/72      AC:  8    Str: 23    XL:     5   Next: 57%
Magic:  4/4        EV:  8    Int:  4    God:    Trog [**....]
Gold:   89         SH:  5    Dex: 10    Spells: 4/4 levels left

rFire   . . .      SeeInvis .   a - +0 hand axe
rCold   . . .      Faith    .   (no shield)
rNeg    . . .      Spirit   .   r - +0 chain mail
rPois   .          Reflect  +   (helmet restricted)
rElec   .          Harm     .   (no cloak)
rCorr   .          Rampage  .   (no gloves)
Will    +++..                   (no boots)
Stlth   ..........              u - amulet of reflection
HPRegen 1.22/turn               e - ring of willpower
MPRegen 0.09/turn               (no ring)

@: berserking, lethally poisoned (-2 -> -6), strong-willed, regenerating, very
quick
A: horns 2, retaliatory headbutt
a: Renounce Religion, Berserk, Trog's Hand


You were on level 3 of the Dungeon.
You worshipped Trog.
Trog was pleased with you.
You visited 1 branch of the dungeon, and saw 3 of its levels.

You collected 89 gold pieces.

Inventory:

Hand Weapons
 a - a +0 hand axe (weapon)
Missiles
 l - 5 boomerangs (quivered)
 s - 33 stones
Armour
 r - a +0 chain mail (worn)
 t - a +2 hat
Jewellery
 e - a ring of willpower (left hand)
 u - an amulet of reflection (around neck)
Wands
 h - a wand of acid (12)
Scrolls
 c - a scroll of magic mapping {unknown}
 d - 2 scrolls of identify {unknown}
 j - 2 scrolls of enchant weapon {unknown}
 k - a scroll of torment {unknown}
 m - a scroll of noise {unknown}
 n - a scroll of fear {unknown}
 o - a scroll of amnesia {unknown}
 q - a scroll of teleportation {unknown}
Potions
 b - 3 potions of magic {unknown}
 f - a potion of heal wounds {unknown}
 i - 3 potions of degeneration {unknown}
 p - a potion of flight {unknown}


   Skills:
 + Level 5.2 Fighting
 * Level 6.6 Axes
 - Level 2.4 Armour
 - Level 2.1 Dodging


You had 4 spell levels left.
You didn't know any spells.
Your spell library was empty.

Dungeon Overview and Level Annotations

Branches:
Dungeon (3/15)

Altars:


Innate Abilities, Weirdness & Mutations

You have a pair of horns on your head.
You reflexively headbutt those who attack you in melee.


Message History

You hit the gnoll. The gnoll hits you with a +0 club.
The gnoll hits you from afar with a +2 halberd of venom!
* * * LOW HITPOINT WARNING * * *
You are poisoned.
Your skin crawls.
You feel strong-willed.
You feel very sick.
A red film seems to cover your vision as you go berserk!
You feel yourself moving faster!
You feel mighty!
You feel very sick.
You kill the gnoll!
You hit the gnoll sergeant.
The gnoll sergeant is severely wounded.
You hit the gnoll. You hit the gnoll sergeant.
You kill the gnoll sergeant!
You slash the gnoll! The gnoll hits you with a +0 club.
* * * LOW HITPOINT WARNING * * *
Your Fighting skill increases to level 5!
You barely miss the gnoll. You hit the gnoll. You hit the gnoll.
The gnoll is moderately wounded.
You hit the gnoll but do no damage.
The gnoll hits you from afar with a +2 halberd of venom.
* * * LOW HITPOINT WARNING * * *
You are more poisoned.
You hit the gnoll but do no damage.
The gnoll is moderately wounded.
You barely miss the gnoll.
You feel very sick.
You headbutt the gnoll, but do no damage.
The gnoll hits you with a +0 club!
* * * LOW HITPOINT WARNING * * *
You slash the gnoll!
The gnoll is almost dead.
You slash the gnoll!
You kill the gnoll!
* * * LOW HITPOINT WARNING * * *
The gnoll hits you with a +1 flail of protection.
You die...

#..........# #....#....
#..........# #....#....
#..........#######....†....
#..........##.......#††....
#..........##.......#......
#..........##.......#..####
#..........##.......#...
#####...#####...(...#.###
#...#.@gg.(.....#..
#.).#.#)........###
########...#.#g........#
#.......(..#.#.........#
#..........#.#.........###.#
#..........'.#...#####.....#
#..........###.#.......#####
#......................+
########...............#
#####


You could see 3 gnolls.

Vanquished Creatures
  A gnoll sergeant (D:3)
  An orc wizard (D:3)
  2 gnolls (D:3)
  2 adders
  A white imp (D:3)
  An adder zombie (D:3)
  4 worms
  3 dart slugs
  3 orcs (D:3)
  3 endoplasms
  3 giant cockroaches
  3 goblins
  4 hobgoblins
  11 jackals
  4 kobolds
  3 quokkas
  7 ball pythons
  3 bats
  3 frilled lizards
  4 rats
66 creatures vanquished.

Notes
Turn   | Place    | Note
-------+----------+-------------------------------------------
     0 | D:1      | Lathuz the Minotaur Berserker began the quest for the Orb.
     0 | D:1      | Reached XP level 1. HP: 19/19 MP: 0/0
    72 | D:1      | Reached skill level 4 in Axes
   160 | D:1      | Reached XP level 2. HP: 23/27 MP: 1/1
   558 | D:1      | Reached XP level 3. HP: 31/33 MP: 2/2
   587 | D:1      | Reached ** piety under Trog
  1354 | D:2      | Reached skill level 5 in Axes
  1837 | D:2      | Reached XP level 4. HP: 41/41 MP: 3/3
  2395 | D:3      | Reached skill level 6 in Axes
  2621 | D:3      | Reached XP level 5. HP: 47/47 MP: 4/4
  2663 | D:3      | Reached skill level 5 in Fighting
  2666 | D:3      | Slain by a gnoll

Illustrated notes

Levels and vault maps discovered:
D:1:      dpeg_arrival_pond, layout_loops_ring, kennysheep_minor_cross,
          st_stairs_14, hangedman_decor_points
D:2:      layout_loops_ring
D:3:      layout_basic, ebering_ecumenical_altar_rust, minmay_misc_feat_alley,
          kennysheep_generic_room_16

Skill      XL: |  1  2  3  4  5 |
---------------+----------------+-----
Axes           | 4 5 6 |  6.6
Fighting       | 4 5 |  5.2
Armour         | |  2.4
Dodging        | |  2.1

Action                   |  1- 3 |  4- 6 || total
-------------------------+-------+-------++-------
Melee: Hand axe          |   102 |    56 ||   158
       Headbutt          |    18 |    11 ||    29
       Punch             |       |     1 ||     1
Throw: Dart              |       |     3 ||     3
Invok: Berserk           |       |     2 ||     2
       Trog's Hand       |       |     2 ||     2
Armor: Animal skin       |     3 |       ||     3
       Ring mail         |    26 |     1 ||    27
       Chain mail        |       |    17 ||    17
Dodge: Dodged            |    58 |    29 ||    87
Block: Other             |       |    13 ||    13
